 Dungeon Crawl Stone Soup version 0.31-a0-1074-g0b22e4e0f1 (webtiles) character file.

Game seed: 5426898326790967744

75 Jeffwins the Stinger (level 4, -5/22 HPs)
             Began as a Vine Stalker Venom Mage on Dec 4, 2023.
             Slain by a gnoll
             ... wielding a +0 spear
              (8 damage)
             ... on level 3 of the Dungeon.
             The game lasted 00:02:54 (1674 turns).

Jeffwins the Stinger (Vine Stalker Venom Mage)      Turns: 1674, Time: 00:02:54

Health: -5/22      AC:  3    Str: 11    XL:     4   Next: 31%
Magic:  0/8        EV: 12    Int: 17    God:
Gold:   163        SH:  0    Dex: 14    Spells: 2/7 levels left

rFire   . . .        a - +0 dagger
rCold   . . .        (no shield)
rNeg    . . .        e - +0 robe
rPois   .            (no helmet)
rElec   .            p - scarf {repulsion}
rCorr   .            o - +0 pair of gloves
SInv    .            (no boots)
Will    .....        g - amulet of regeneration
Stlth   ++           (no ring)
HPRegen 1.83/turn    (no ring)
MPRegen 0.11/turn

%: repel missiles, guardian spirit
@: no status effects
A: fangs 2, regeneration 1, magic shield, antimagic bite, no potion heal 2
a: no special abilities


You were on level 3 of the Dungeon.
You visited 1 branch of the dungeon, and saw 3 of its levels.

You collected 163 gold pieces.


Innate Abilities, Weirdness & Mutations

You have extremely sharp teeth.
Your natural rate of healing is unusually fast.
When hurt, damage is shared between your health and your magic reserves.
Your bite disrupts and absorbs the magic of your enemies.
Potions cannot restore your health.


   Skills:
 + Level 1.0 Fighting
 * Level 0.5 Short Blades
 + Level 1.8 Dodging
 + Level 2.8 Stealth
 + Level 2.4 Spellcasting
 * Level 0.7 Hexes
 + Level 1.3 Transmutations
 * Level 1.0 Ice Magic
 * Level 3.6 Poison Magic


You had 2 spell levels left.
You knew the following spells:

 Your Spells              Type           Power      Damage    Failure   Level
p - Poisonous Vapours     Pois/Air       16%        N/A       13%         2
x - Sting                 Tmut/Pois      40%        1d5       7%          1
z - Ensorcelled Hibernat  Hex/Ice        10%        N/A       21%         2

Your spell library contained the following spells:

 Spells                   Type           Power      Damage    Failure   Level
 Jinxbite                 Hex            8%         N/A       22%         2
 Mephitic Cloud           Conj/Pois/Air  6%         N/A       34%         3
 Olgreb's Toxic Radiance  Pois           14%        N/A       38%         4
 Anguish                  Hex/Necr       1%         N/A       85%         4
 Summon Forest            Summ/Tloc      1%         N/A       99%         5
 Eringya's Noxious Bog    Tmut/Pois      5%         4d6       100%        6
 Summon Hydra             Summ           1%         N/A       100%        7

Inventory:

Hand Weapons
 a - a +0 dagger (weapon)
 c - a +0 mace
Armour
 e - a +0 robe (worn)
 o - a +0 pair of gloves (worn)
 p - a scarf of repulsion (worn)
Magical Staves
 n - a staff of cold
Jewellery
 g - an amulet of regeneration (around neck)
 C - a ring of ice
Talismans
 h - a talisman of death
 k - a blade talisman
Scrolls
 d - 2 scrolls of teleportation {unknown}
 i - a scroll of identify {unknown}
 j - a scroll of immolation {unknown}
 m - a scroll of poison {unknown}
Potions
 b - a potion of magic
 f - 3 potions of curing {unknown}
 l - a potion of ambrosia {unknown}

Dungeon Overview and Level Annotations

Branches:
Dungeon (3/15)

Altars:
Kikubaaqudgha

#.....)...# #.......#
##.....## ##...## #.
##'## # #.##### #.# .#
#.#...## #.# ..##
#......#####.####.⚑..##
#......@ggg............
###......###.....#..▒.#.#
#.......## ##...###...#
#.#.##.## ##.## #....# #
#....### #.# #####
####...# #.#
.####.#.#####.#
..............#
#####.###.###.#


You could see 3 gnolls.


Message History

You hit the gnoll but do no damage. You bite the gnoll, but do no damage.
The gnoll is heavily wounded.
The gnoll closely misses you.
The gnoll hits you from afar with a +0 spear.
* * * LOW HITPOINT WARNING * * *
Unknown command.
Casting: Ensorcelled Hibernation (safe; 21% risk of failure)
Confirm with . or Enter, or press ? or * to list all spells.
Okay, then.
Casting: Ensorcelled Hibernation (safe; 21% risk of failure)
Confirm with . or Enter, or press ? or * to list all spells.
Aiming: Sting (safe; 7% risk of failure)
Press: ? - help, Shift-Dir - straight line, f - gnoll
Aim: a gnoll, wielding a +0 whip (heavily wounded, 75% to hit)
The sting hits the gnoll.
The gnoll is poisoned.
The gnoll is severely wounded.
The gnoll barely misses you.
The gnoll hits you from afar with a +0 spear.
* * * LOW HITPOINT WARNING * * *
Casting: Sting (safe; 7% risk of failure)
Confirm with . or Enter, or press ? or * to list all spells.
Aiming: Sting (safe; 7% risk of failure)
Press: ? - help, Shift-Dir - straight line, f/p - gnoll
Aim: a gnoll, wielding a +0 whip (severely wounded, poisoned, 75% to hit)
The sting hits the gnoll.
The gnoll looks even sicker.
The gnoll is almost dead.
The gnoll hits you with a +0 whip.
* * * LOW HITPOINT WARNING * * *
The gnoll hits you from afar with a +0 spear!
You die...

Skill      XL: |  1  2  3  4 |
---------------+-------------+-----
Fighting       | 1 |  1.0
Ice Magic      | 1 |  1.0
Short Blades   | |  0.5
Dodging        | |  1.8
Stealth        | |  2.8
Spellcasting   | |  2.4
Hexes          | |  0.7
Transmutations | |  1.3
Poison Magic   | |  3.6

Action                     |  1- 3 |  4- 6 || total
---------------------------+-------+-------++-------
  Melee: Mace              |    33 |       ||    33
         Dagger            |    32 |    48 ||    80
         Bite              |    13 |    18 ||    31
         Punch             |       |     1 ||     1
   Cast: Sting             |     2 |     2 ||     4
   Stab: Sleeping          |     7 |     4 ||    11
         Distracted        |       |     1 ||     1
 Armour: Robe              |    30 |    25 ||    55
  Dodge: Dodged            |    28 |    25 ||    53

Levels and vault maps discovered:
D:1:      mrwooster_arrival_statue, layout_basic, minivault_11, st_stairs_7,
          minmay_domino_2
D:2:      layout_loops_corners, uniq_jessica
D:3:      layout_loops_corners, mainiacjoe_overflow_tiny_flanked,
          chei_slow_surprise, xom_teletrap_fun,
          shapermc_ecumenical_altar_ellora, minmay_checkerbox

Notes
Turn   | Place    | Note
-------+----------+-------------------------------------------
     0 | D:1      | Jeffwins the Vine Stalker Venom Mage began the quest for
                  | the Orb.
     0 | D:1      | Reached XP level 1. HP: 9/9 MP: 4/4
   275 | D:1      | Reached XP level 2. HP: 13/13 MP: 6/6
   558 | D:2      | Learned a level 2 spell: Ensorcelled Hibernation
   642 | D:2      | Learned a level 2 spell: Poisonous Vapours
   759 | D:2      | Reached XP level 3. HP: 17/17 MP: 7/7
   925 | D:2      | Noticed Jessica
   932 | D:2      | Killed Jessica
  1082 | D:2      | Reached XP level 4. HP: 21/21 MP: 5/8
  1133 | D:2      | Reached skill level 1 in Fighting
  1599 | D:3      | Reached skill level 1 in Ice Magic
  1629 | D:3      | Found an ancient bone altar of Kikubaaqudgha.
  1674 | D:3      | Slain by a gnoll

Vanquished Creatures
  Jessica (D:2)
  A worm (D:2)
  2 dart slugs
  An orc (D:3)
  2 ball pythons (D:2)
  3 endoplasms
  3 giant cockroaches (D:2)
  4 goblins
  3 hobgoblins
  2 jackals (D:2)
  4 kobolds
  2 quokkas (D:1)
  2 bats
  2 frilled lizards
  6 rats
38 creatures vanquished.

Table legend: (Time is in decaauts)
 A = Elapsed time spent in this place.
 B = Non-inter-level travel time spent in this place.
 C = Inter-level travel time spent in this place.
 D = Time resting spent in this place.
 E = Time spent auto-exploring this place.
 F = Levels seen in this place.
 G = Mean time per level.
                   A        B        C        D        E       F      G
               +--------+--------+--------+--------+--------+-----+--------+
         Total |   1685 |   1572 |    113 |      0 |   1204 |   3 |  561.7 |
       Dungeon |   1685 |   1572 |    113 |      0 |   1204 |   3 |  561.7 |
               +--------+--------+--------+--------+--------+-----+--------+

Top non-repeatable levels by time:
     D:2: 931 daAuts
     D:1: 610 daAuts
     D:3: 143 daAuts

Table legend:
 A = Non-vault XP
 B = Vault XP
 C = Vault XP percentage of total XP
 D = Non-vault monster count
 E = Vault monster count
 F = Vault count percentage of total count
                 A         B        C        D         E       F
            +---------+---------+-------+---------+---------+-------
      Total |      59 |      49 |  45.4 |      30 |       8 |  21.1
            +---------+---------+-------+---------+---------+-------
        D:1 |      21 |       4 |  16.0 |      12 |       3 |  20.0
        D:2 |      32 |      37 |  53.6 |      15 |       1 |   6.2
        D:3 |       6 |       8 |  57.1 |       3 |       4 |  57.1
            +---------+---------+-------+---------+---------+-------
